 Dungeon Crawl Stone Soup version 0.19.0-16-g73b5abf (webtiles) character file.

5136 grisgris the Thaumaturge (level 10, -2/45 HPs)
             Began as a Deep Elf Summoner on Nov 10, 2016.
             Was an Elder of Hepliaklqana.
             Slain by a spiny frog (16 damage)
             ... on level 1 of the Lair of Beasts.
             The game lasted 00:53:38 (10326 turns).

grisgris the Thaumaturge (Deep Elf Summoner)       Turns: 10326, Time: 00:53:39

Health: -2/45      AC:  8    Str:  5    XL:     10   Next: 33%
Magic:  10/26      EV: 17    Int: 24    God:    Hepliaklqana [****..]
Gold:   595        SH:  0    Dex: 15    Spells: 6 memorised, 13 levels left

rFire  . . .     SeeInvis .     f - +2 short sword (venom)
rCold  + . .     Gourm    .     a - +2 robe
rNeg   . . .     Faith    +     (no shield)
rPois  .         Spirit   .     (no helmet)
rElec  .         Reflect  .     o - +2 cloak {MR+}
rCorr  .         Harm     .     q - +0 pair of gloves
MR     ++...                    (no boots)
Stlth  ++........               y - amulet of faith
                                d - ring of flight
                                e - ring of protection from cold

@: very slightly contaminated, hasted, very quick
A: reduced essence, blink, sturdy frame 1
a: Blink, Recall Ancestor, Ancestor Identity, Transference, Idealise, Renounce
Religion, Evoke Flight


You were on level 1 of the Lair of Beasts.
You worshipped Hepliaklqana.
Hepliaklqana was greatly pleased with you.
You were not hungry.

You visited 2 branches of the dungeon, and saw 10 of its levels.
You also visited: Ossuary.

You collected 595 gold pieces.

Inventory:

Hand Weapons
 f - a +2 short sword of venom (weapon)
Armour
 a - a +2 robe (worn)
 o - a +2 cloak of magic resistance (worn)
 q - a +0 pair of gloves (worn)
Jewellery
 d - a ring of flight (right hand)
 e - a ring of protection from cold (left hand)
 y - an amulet of faith (around neck)
Wands
 l - a wand of polymorph (11/24)
 p - a wand of flame (20/48)
 r - a wand of acid (11/15)
 A - a wand of digging (12/24)
Scrolls
 m - a scroll of teleportation
 s - 4 scrolls of remove curse
 u - a scroll of enchant armour
 v - 2 scrolls of recharging
 x - a scroll of blinking {unknown}
 B - a scroll of brand weapon {unknown}
Potions
 g - a potion of curing
 h - a potion of might
 i - 2 potions of invisibility
 k - 2 potions of agility
 n - 6 potions of flight
 w - a potion of magic {unknown}
Books
 b - a book of Callings

   Spells                             Type                      Level
   a - Summon Small Mammal            Summoning                    1
   b - Call Imp                       Summoning                    2
   c - Call Canine Familiar           Summoning                    3
   d - Summon Guardian Golem          Hexes/Summoning              3
   e - Summon Lightning Spire         Summoning/Air                4
   f - Summon Ice Beast               Ice/Summoning                4
Comestibles
 c - 8 bread rations
 j - 4 meat rations
 z - 5 fruits


   Skills:
 + Level 8.1 Dodging
 - Level 2.4 Stealth
 * Level 10.8 Spellcasting
 + Level 6.4 Hexes
 * Level 9.6 Summonings
 + Level 4.1 Ice Magic
 + Level 5.0 Air Magic


You had 13 spell levels left.
You knew the following spells:

 Your Spells              Type           Power        Failure   Level  Hunger
a - Summon Small Mammal   Summ           ####         1%          1    None
b - Call Imp              Summ           ######..     1%          2    None
c - Call Canine Familiar  Summ           ######..     1%          3    None
d - Summon Guardian Gole  Hex/Summ       ######..     1%          3    None
e - Summon Lightning Spi  Summ/Air       #####...     2%          4    None
f - Summon Ice Beast      Ice/Summ       #####...     2%          4    None


Dungeon Overview and Level Annotations

Branches:
Dungeon (9/15)             Temple (0/1) D:4            Lair (1/6) D:9
    Orc: D:9-12

Altars:
Ashenzari
Fedhas
Gozag
Hepliaklqana
Makhleb
Nemelex Xobeh
Zin
The Shining One

Annotations:
Lair:1 exclusion: oklob plant


Innate Abilities, Weirdness & Mutations

Your life essence is reduced. (-10% HP)
You can translocate small distances at will.
Your movements are slightly less encumbered by armour. (ER -2)


Message History

You feel better. The spiny frog stings you.
Tenoch is still trapped in memory!
The spiny frog barely misses you. The water moccasin misses you.
Your warg bites the water moccasin!
The water moccasin dies!
Your Air Magic skill increases to level 5!
As you read the scroll of fog, it crumbles to dust.
The scroll dissolves into smoke.
The blink frog closely misses you.
The blink frog closely misses your warg.
Casting: Call Canine Familiar
Confirm with . or Enter, or press ? or * to list all spells.
A beastly little devil appears in a puff of flame.
The spiny frog closely misses you.
Your warg bites the blink frog!
The blink frog hits your warg.
Casting: Call Imp
Confirm with . or Enter, or press ? or * to list all spells.
A beastly little devil appears in a puff of flame.
The spiny frog stings you!
You die...

...###+P...#...................#.
#...............................#
.#....../......5.................
.#...............................
..#§............§................
...##.#......[§§§§§..............
#..#..8.#...F..5hF§..............
#.†......#.##.F§F###.#.###..#.#.#
#.....>.8.....§§@#####+###..#####
...#..........§§§##.....#...#####
....#.8.##..#§§5§.#.....##..+....
..#.##.##.....§§§##.....#...##...
...#. ......#....#......##..####.
.## ........#...........##..# #..
. !................#####... #.+ .
........#........####.... ...
..#..#+#.............PPP ....


You could see a spiny frog, 2 blink frogs, a friendly warg and 2 friendly
crimson imps.

Vanquished Creatures
  A scorpion (D:9)
  2 howler monkeys
  An electric eel (D:8)
  An orc wizard (D:7)
  An adder (D:6)
  An ooze (D:4)
  2 leopard geckos
  2 orcs
  A giant cockroach (D:5)
  A goblin (D:2)
  3 hobgoblins
  A jackal (D:3)
  A kobold (D:3)
  4 quokkas
  A ball python (D:4)
  3 bats
  4 frilled lizards
  4 rats
34 creatures vanquished.

Vanquished Creatures (collateral kills)
  Erolcha (D:9)
  The ghost of Mlkhall the Thaumaturge, a novice DEWz (D:8)
  A troll (D:9)
  A hippogriff (D:8)
  A hornet (D:9)
  7 yaks (D:9)
  Eustachio (D:4)
  A water moccasin (Lair:1)
  3 porcupines (Lair:1)
  Purgy (D:4)
  A sky beast (D:9)
  5 orc warriors
  4 ogres
  3 phantoms
  2 ice beasts
  2 centaurs
  2 crocodiles
  A big kobold (D:7)
  Blork the orc (D:4)
  5 bullfrogs
  A scorpion (D:7)
  2 water moccasin skeletons
  2 vampire bats (D:4)
  3 howler monkeys
  A crimson imp (D:6)
  A human zombie (Ossuary)
  3 bullfrog zombies
  A centaur zombie (Ossuary)
  5 hounds
  3 jellies
  Crazy Yiuf (D:4)
  4 orc priests
  6 orc wizards
  2 iguanas
  5 worker ants
  A big kobold zombie (Ossuary)
  2 hound zombies
  6 mummies (Ossuary)
  4 gnolls (D:3)
  12 adders
  A shadow imp (D:7)
  An ooze (D:2)
  3 adder zombies
  7 worms
  A dart slug (D:4)
  4 leopard geckos
  31 orcs
  11 bats
  4 giant cockroaches
  2 gnoll zombies (Ossuary)
  7 goblins (D:1)
  7 hobgoblins
  6 jackals
  7 kobolds
  3 quokkas
  4 frilled lizards
  2 goblin zombies (Ossuary)
  An orc zombie (Ossuary)
  6 rats
  A butterfly (Lair:1)
218 creatures vanquished.

Vanquished Creatures (others)
  8 knights
  4 ancestors
12 creatures vanquished.

Grand Total: 264 creatures vanquished

Notes
Turn   | Place    | Note
-------+----------+-------------------------------------------
     0 | D:1      | grisgris the Deep Elf Summoner began the quest for the Orb.
     0 | D:1      | Reached XP level 1. HP: 10/10 MP: 6/6
   339 | D:1      | Reached XP level 2. HP: 13/15 MP: 4/8
  1125 | D:2      | Reached skill level 4 in Spellcasting
  1136 | D:2      | Reached XP level 3. HP: 7/19 MP: 5/10
  1140 | D:2      | Learned a level 2 spell: Call Imp
  1144 | D:2      | Learned a level 3 spell: Call Canine Familiar
  1648 | D:2      | Found a sparkling altar of Nemelex Xobeh.
  1753 | D:2      | Found a hazy altar of Hepliaklqana.
  1763 | D:2      | Became a worshipper of Hepliaklqana the Forgotten
  1884 | D:3      | Reached skill level 5 in Summonings
  1884 | D:3      | Reached XP level 4. HP: 5/21 MP: 9/12
  2104 | D:3      | Found an opulent altar of Gozag.
  2741 | D:3      | Reached * piety under Hepliaklqana
  2838 | D:3      | Gained mutation: Your movements are slightly less encumbered by armour. (ER -2) [potion of beneficial mutation]
  2954 | D:4      | Noticed Blork the orc
  2962 | D:4      | Noticed an ogre
  2970 | D:4      | Killed Blork the orc
  2970 | D:4      | Reached skill level 5 in Spellcasting
  2970 | D:4      | Reached XP level 5. HP: 25/25 MP: 2/14
  3150 | D:4      | Noticed a phantom
  3249 | D:4      | Killed a phantom
  3364 | D:4      | Learned a level 3 spell: Summon Guardian Golem
  3369 | D:4      | Learned a level 4 spell: Summon Lightning Spire
  3432 | D:4      | Killed an ogre
  3432 | D:4      | Reached XP level 6. HP: 28/28 MP: 12/16
  3458 | D:4      | Noticed Purgy
  3517 | D:4      | Killed Purgy
  3517 | D:4      | Reached skill level 6 in Spellcasting
  3517 | D:4      | Reached skill level 1 in Hexes
  3860 | D:4      | Noticed Eustachio
  3870 | D:4      | Killed Eustachio
  3870 | D:4      | Reached skill level 5 in Dodging
  3870 | D:4      | Reached skill level 1 in Air Magic
  3948 | D:4      | Found a runed door.
  4012 | D:4      | Found a staircase to the Ecumenical Temple.
  4108 | D:4      | Found a glowing silver altar of Zin.
  4180 | D:4      | Reached XP level 7. HP: 18/32 MP: 14/18
  4232 | D:4      | Noticed Crazy Yiuf
  4238 | D:4      | Killed Crazy Yiuf
  4563 | D:5      | Entered Level 5 of the Dungeon
  5157 | D:5      | Reached skill level 7 in Spellcasting
  5403 | D:5      | Reached ** piety under Hepliaklqana
  5404 | D:5      | Remembered your ancestor Tenoch as a knight
  5840 | D:6      | Reached XP level 8. HP: 36/36 MP: 16/21
  6279 | D:6      | Found a sand-covered staircase.
  6455 | D:6      | Reached skill level 8 in Spellcasting
  6515 | Ossuary  | Entered an ossuary
  6787 | D:6      | Gained mutation: You can translocate small distances at will. [potion of beneficial mutation]
  6810 | D:6      | Found a blossoming altar of Fedhas.
  6840 | D:6      | Learned a level 4 spell: Summon Ice Beast
  7519 | D:7      | Reached skill level 1 in Ice Magic
  7669 | D:7      | Found a burning altar of Makhleb.
  7734 | D:7      | Reached skill level 9 in Spellcasting
  7765 | D:7      | Found a glowing golden altar of the Shining One.
  8003 | D:7      | Reached XP level 9. HP: 40/40 MP: 14/24
  8115 | D:8      | Noticed Mlkhall's ghost (novice DEWz)
  8223 | D:8      | Killed Mlkhall's ghost
  8477 | D:8      | Reached skill level 5 in Hexes
  8492 | D:8      | Reached *** piety under Hepliaklqana
  9219 | D:9      | Reached skill level 10 in Spellcasting
  9257 | D:9      | Noticed a troll
  9285 | D:9      | Killed a troll
  9336 | D:9      | Found a shattered altar of Ashenzari.
  9362 | D:9      | Found a staircase to the Lair.
  9526 | D:9      | Noticed Erolcha
  9550 | D:9      | Killed Erolcha
  9550 | D:9      | Reached XP level 10. HP: 45/45 MP: 15/26
  9817 | Lair:1   | Entered Level 1 of the Lair of Beasts
  9839 | Lair:1   | Noticed an oklob plant
 10108 | Lair:1   | Reached **** piety under Hepliaklqana
 10282 | Lair:1   | Noticed a spiny frog
 10322 | Lair:1   | Reached skill level 5 in Air Magic
 10326 | Lair:1   | Slain by a spiny frog

Skill      XL: |  1  2  3  4  5  6  7  8  9 10 |
---------------+-------------------------------+-----
Spellcasting   | 4 5 6 7 9 10 | 10.8
Dodging        | 3 4 5 6 7 8 |  8.1
Summonings     | 5 6 7 9 |  9.6
Hexes          | 2 3 4 5 6 |  6.4
Air Magic      | 1 2 3 4 5 |  5.0
Ice Magic      | 1 3 4 |  4.1
Stealth        | |  2.4

Action                   |  1- 3 |  4- 6 |  7- 9 | 10-12 || total
-------------------------+-------+-------+-------+-------++-------
Melee: Dagger            |    60 |       |       |       ||    60
       Short sword       |       |    36 |    58 |     9 ||   103
 Cast: Summon Small Mamm |    50 |    24 |    43 |     4 ||   121
       Call Imp          |    13 |    51 |    79 |    17 ||   160
       Call Canine Famil |       |     1 |    37 |    10 ||    48
       Summon Lightning  |       |       |       |     1 ||     1
Invok: Ancestor Identity |       |     3 |       |       ||     3
       Ancestor Life: Kn |       |       |     1 |       ||     1
       Recall Ancestor   |       |       |     3 |       ||     3
 Abil: Blink             |       |       |     1 |       ||     1
Evoke: Wand              |       |       |       |     1 ||     1
  Use: Potion            |     4 |     3 |     6 |     2 ||    15
       Scroll            |     7 |     6 |     7 |     1 ||    21
 Stab: Sleeping          |     6 |     4 |    11 |     2 ||    23
       Distracted        |       |     1 |     1 |       ||     2
  Eat: Chunk             |     2 |       |     3 |     2 ||     7
       Meat ration       |     1 |     1 |     1 |       ||     3
       Pizza             |       |       |     1 |       ||     1
       Beef jerky        |       |       |     2 |       ||     2
       Fruit             |       |       |     2 |     1 ||     3
Armor: Robe              |    26 |     8 |    21 |     3 ||    58
Dodge: Dodged            |    77 |    53 |    70 |    37 ||   237
